 Dungeon Crawl Stone Soup version 0.29.1-2-gbd0b4ee654 (webtiles) character file.

Game seed: 8665774148295500649

142 mcbry74 the Ruffian (level 5, -2/53 HPs)
             Began as a Troll Fighter on Oct 28, 2022.
             Killed from afar by Ijyb (17 damage)
             ... with a bolt of light
             ... on level 3 of the Dungeon.
             The game lasted 00:03:52 (1311 turns).

mcbry74 the Ruffian (Troll Fighter)                 Turns: 1311, Time: 00:03:53

Health: -2/53      AC:  4    Str: 24    XL:     5   Next: 4%
Magic:  4/4        EV:  8    Int:  6    God:
Gold:   126        SH:  7    Dex:  9    Spells: 4/4 levels left

rFire   . . .      SeeInvis .     - Unarmed
rCold   . . .      Faith    .   b - +0 kite shield
rNeg    . . .      Spirit   .   a - +0 robe
rPois   .          Reflect  .   (helmet restricted)
rElec   .          Harm     .   (no cloak)
rCorr   .          Rampage  .   (gloves unavailable)
Will    .....                   (boots unavailable)
Stlth   +.........              (no amulet)
HPRegen 0.97/turn               (no ring)
MPRegen 0.09/turn               (no ring)

@: no status effects
A: large, unfitting armour, claws 3, regeneration 1, shaggy fur 1, tough skin 1
a: no special abilities


You were on level 3 of the Dungeon.
You visited 1 branch of the dungeon, and saw 3 of its levels.

You collected 126 gold pieces.

Inventory:

Missiles
 m - 9 poisoned darts (quivered)
Armour
 a - a +0 robe (worn)
 b - a +0 kite shield (worn)
Jewellery
 o - a ring of protection from cold
Scrolls
 d - a scroll of blinking {unknown}
 f - 3 scrolls of enchant weapon {unknown}
 g - 2 scrolls of amnesia {unknown}
 i - 5 scrolls of identify {unknown}
 j - a scroll of acquirement {unknown}
 k - a scroll of fear {unknown}
 l - a scroll of butterflies {unknown}
 q - a scroll of teleportation {unknown}
Potions
 c - 3 potions of might
 e - a potion of heal wounds {unknown}
 h - 2 potions of curing {unknown}
 n - 2 potions of ambrosia {unknown}
 p - 2 potions of mutation {unknown}
 r - 2 potions of flight {unknown}
 s - a potion of magic {unknown}
 t - a potion of haste {unknown}


   Skills:
 + Level 3.0 Fighting
 + Level 1.0 Throwing
 + Level 3.0 Dodging
 - Level 3.0 Shields
 * Level 3.6 Unarmed Combat


You had 4 spell levels left.
You didn't know any spells.
Your spell library contained the following spells:

 Spells                   Type           Power      Damage    Failure   Level
 Gell's Gravitas          Tloc           0%         N/A       98%         3
 Lesser Beckoning         Tloc           0%         N/A       98%         3
 Teleport Other           Tloc           0%         N/A       98%         3


Dungeon Overview and Level Annotations

Branches:
Dungeon (3/15)

Altars:

Annotations:
D:3 Ijyb


Innate Abilities, Weirdness & Mutations

You are too large for most types of armour.
You have claws for hands.
Your natural rate of healing is unusually fast.
You are covered in fur. (AC +1)
You have tough skin. (AC +1)


Message History

Your Dodging skill increases to level 3!
You claw the ball python!
You kill the ball python!
You feel sick.
You feel sick.
You feel sick.
You are no longer poisoned.
You now have 126 gold pieces (gained 14).
h - 2 fuming puce potions (gained 1)
An adder comes into view.
The adder hisses angrily.
You claw the adder!
The adder is severely wounded.
The adder bites you but does no damage.
You mangle the adder!!
You kill the adder!
You have reached level 5!
i - 5 scrolls labelled QIWI LOTHREME (gained 1)
A kobold comes into view. It is wielding a +0 whip.
A ball python comes into view.
Found a scroll labelled HEGRUN XONLIZO.
The ball python hisses angrily.
The kobold shouts!
The ball python bites you.
The ball python bites you but does no damage.
You closely miss the ball python. The ball python bites you.
You claw the ball python!
You kill the ball python!
Ijyb the Twisted Goblin comes into view.
She is wielding a +2 vampiric dagger and carrying a wand of light (6).
The kobold hits you with a +0 whip.
You barely miss the kobold. The kobold hits you but does no damage.
Ijyb zaps a wand.
The bolt of light hits you!
You claw the kobold!
You kill the kobold!
Ijyb zaps a wand.
The bolt of light hits you!
Ijyb zaps a wand.
The bolt of light hits you!
* * * LOW HITPOINT WARNING * * *
Ijyb closely misses you.
You barely miss Ijyb.
Ijyb zaps a wand.
The bolt of light hits you!
You die...

.......###.##..... ### ####
...............##. ...##..
........#..###.... ####.#..#
####..#...........
.........#####
##.##...########...##........#
##..# #........<...#.. ##.##
##..###........... #..# #.g#
######...<.# .#####.####@#
#.##... #.........#..###
#.##.## ######.........#
#....# ##........# #.####
##..)......# #.# #..##....#...
..# #.?####...#### ..# #.#
#...# #. ...#


You could see Ijyb.

Vanquished Creatures
  Natasha (twice) (D:3)
  A gnoll (D:1)
  3 adders
  2 dart slugs
  4 endoplasms
  2 giant cockroaches
  6 goblins
  5 jackals (D:1)
  4 kobolds
  2 quokkas (D:1)
  8 ball pythons
  8 bats
  3 frilled lizards (D:1)
  3 rats
53 creatures vanquished.

Vanquished Creatures (others)
  A plant (D:3)
1 creature vanquished.

Grand Total: 54 creatures vanquished

Notes
Turn   | Place    | Note
-------+----------+-------------------------------------------
     0 | D:1      | mcbry74 the Troll Fighter began the quest for the Orb.
     0 | D:1      | Reached XP level 1. HP: 22/22 MP: 0/0
    45 | D:1      | Reached XP level 2. HP: 24/29 MP: 1/1
   214 | D:1      | Reached XP level 3. HP: 36/36 MP: 2/2
   963 | D:2      | Found a faded altar of an unknown god.
  1059 | D:3      | Noticed Natasha
  1064 | D:3      | Killed Natasha
  1065 | D:3      | Reached XP level 4. HP: 44/44 MP: 3/3
  1100 | D:3      | Noticed Natasha
  1106 | D:3      | Killed Natasha
  1230 | D:3      | Reached skill level 1 in Throwing
  1281 | D:3      | Reached XP level 5. HP: 53/53 MP: 4/4
  1305 | D:3      | Noticed Ijyb
  1311 | D:3      | Killed from afar by Ijyb

Illustrated notes

Levels and vault maps discovered:
D:1:      onia_arrival_pentagram, layout_basic, minmay_pentomino_w4
D:2:      layout_loops_ring, shapermc_ecumenical_altar_mp_ritualfount
D:3:      layout_rooms, minmay_shallow_snake_nest, uniq_natasha, uniq_ijyb

Skill      XL: |  1  2  3  4 |
---------------+-------------+-----
Shields        | 3 |  3.0
Unarmed Combat | 3 |  3.6
Fighting       | 3 |  3.0
Throwing       | 1 |  1.0
Dodging        | 3 |  3.0

Action                   |  1- 3 |  4- 6 || total
-------------------------+-------+-------++-------
Melee: Unarmed           |    85 |    25 ||   110
Armor: Robe              |    26 |     7 ||    33
Dodge: Dodged            |    27 |     7 ||    34
Block: Kite shield       |    43 |     5 ||    48
